 Dungeon Crawl Stone Soup version 0.30.1-9-gdf580d7c3d (webtiles) character file.

Game seed: 4524078287259541945

1434 ChiefBigBeans the Ruffian (level 8, 0/84 HPs)
             Began as a Troll Berserker on Sept 27, 2023.
             Was a Priest of Trog.
             Slain by a bullfrog (5 damage)
             ... on level 6 of the Dungeon.
             The game lasted 00:14:13 (6944 turns).

ChiefBigBeans the Ruffian (Troll Berserker)         Turns: 6944, Time: 00:14:14

Health: 0/84       AC:  9    Str: 27 (28) XL:     8   Next: 45%
Magic:  7/7        EV:  9    Int:  0 (3)  God:    Trog [***...]
Gold:   310        SH:  0    Dex:  7 (9)  Spells: 7/7 levels left

rFire   + . .        t - +0 giant club
rCold   . . .        (shield currently unavailable)
rNeg    . . .        a - +1 animal skin
rPois   +            d - +2 hat
rElec   .            (no cloak)
rCorr   .            (gloves unavailable)
SInv    .            (boots unavailable)
Will    +....        (no amulet)
Stlth   +            b - ring of poison resistance
HPRegen 1.14/turn    k - ring of protection from fire
MPRegen 0.10/turn

%: no passive effects
@: lethally poisoned (0 -> 0), slowed, lost intelligence, unable to read, very
slow
A: large, unfitting armour, claws 3, regeneration 1, shaggy fur 1, tough skin 1,
iridescent scales 1, strong-willed 1, inability to read after injury 1
a: Renounce Religion, Berserk, Trog's Hand


You were on level 6 of the Dungeon.
You worshipped Trog.
Trog was most pleased with you.
You visited 1 branch of the dungeon, and saw 6 of its levels.
You also visited: Sewer.

You collected 310 gold pieces.

Inventory:

Hand Weapons
 e - a +3 dagger of venom
 s - a +0 heavy long sword
 t - a +0 giant club (weapon)
Armour
 a - a +1 animal skin (worn)
 d - a +2 hat (worn)
Jewellery
 b - a ring of poison resistance (left claw)
 k - a ring of protection from fire (right claw)
Wands
 f - a wand of polymorph (4)
 h - a wand of flame (26)
 n - a wand of mindburst (13)
Scrolls
 c - 2 scrolls of fear
 g - 2 scrolls of enchant weapon
 i - a scroll of teleportation
 o - 2 scrolls of magic mapping
 u - a scroll of vulnerability
Potions
 m - 2 potions of might
 p - 2 potions of heal wounds


   Skills:
 + Level 6.4 Fighting
 * Level 3.7 Maces & Flails
 - Level 2.4 Dodging
 - Level 7.0 Unarmed Combat


You had 7 spell levels left.
You didn't know any spells.
Your spell library was empty.

Dungeon Overview and Level Annotations

Branches:
Dungeon (6/15)             Temple (0/1) D:5           Sewer (visited)

Altars:
Elyvilon
Trog
Wu Jian


Innate Abilities, Weirdness & Mutations

You are too large for most types of armour.
You have claws for hands.
Your natural rate of healing is unusually fast.
You are covered in fur. (AC +1)
You have tough skin. (AC +1)
You are partially covered in iridescent scales. (AC +2)
You are strong-willed. (Will+)
You occasionally lose the ability to read scrolls when taking damage.


Message History

You are too injured to fight recklessly!
You barely miss the iguana.
You feel very sick.
The water moccasin bites you but does no damage.
The water moccasin bites you.
The water moccasin bites you but does no damage.
The iguana barely misses you. The bullfrog closely misses you.
The water moccasin bites you but does no damage.
The water moccasin closely misses you. The iguana bites you.
The bullfrog hits you.
You hit the iguana but do no damage.
You feel very sick.
The water moccasin bites you but does no damage.
The water moccasin bites you.
* * * LOW HITPOINT WARNING * * *
The bullfrog barely misses you. The water moccasin bites you.
* * * LOW HITPOINT WARNING * * *
The iguana closely misses you.
The water moccasin bites you but does no damage.
The bullfrog hits you.
* * * LOW HITPOINT WARNING * * *
The water moccasin barely misses you. The iguana closely misses you.
The water moccasin bites you but does no damage.
The bullfrog hits you but does no damage.
You bludgeon the iguana!!
You kill the iguana!
Trog accepts your kill.
You feel sick. The water moccasin closely misses you.
The water moccasin bites you.
* * * LOW HITPOINT WARNING * * *
The bullfrog hits you but does no damage.
The water moccasin barely misses you.
The water moccasin completely misses you.
The bullfrog hits you.
* * * LOW HITPOINT WARNING * * *
The water moccasin bites you.
* * * LOW HITPOINT WARNING * * *
The water moccasin bites you but does no damage.
The bullfrog hits you.
You die...

#... ......
#... .^...
#.... #...#
#....##...##+##
#.....?........
#.<........(..
##....S†.......
#.. #@..#
#....##SF.#
#......<..#
#.........#
##..$........
#...##...##...
#.... #...# ..
#... ....# .
#... ....+


You could see 2 water moccasins and a bullfrog.

Vanquished Creatures
  Sigmund (D:3)
  A water moccasin (D:5)
  2 ogres (D:4)
  2 phantoms (D:5)
  4 kobold brigands (Sewer)
  A hound (D:4)
  2 jellies
  A sleepcap (D:5)
  4 iguanas
  3 orc wizards
  12 adders
  4 river rats
  An ufetubus (D:4)
  5 worms
  6 dart slugs
  20 orcs
  11 ball pythons
  6 bats
  12 endoplasms
  A giant cockroach (D:2)
  9 goblins
  7 hobgoblins
  7 jackals
  10 kobolds
  5 quokkas
  A frilled lizard (D:2)
  15 rats
153 creatures vanquished.

Notes
Turn   | Place    | Note
-------+----------+-------------------------------------------
     0 | D:1      | ChiefBigBeans the Troll Berserker began the quest for the
                  | Orb.
     0 | D:1      | Reached XP level 1. HP: 22/22 MP: 0/0
   153 | D:1      | Reached XP level 2. HP: 29/29 MP: 1/1
   517 | D:2      | Reached XP level 3. HP: 37/37 MP: 2/2
   614 | D:2      | Reached ** piety under Trog
   634 | D:2      | Found a white marble altar of Elyvilon.
   670 | D:2      | Reached skill level 4 in Unarmed Combat
   712 | D:2      | Reached XP level 4. HP: 45/45 MP: 3/3
  1225 | D:3      | Noticed Sigmund
  1242 | D:3      | Killed Sigmund
  1243 | D:3      | Reached skill level 5 in Unarmed Combat
  1243 | D:3      | Reached XP level 5. HP: 54/54 MP: 4/4
  1371 | D:3      | Reached XP level 6. HP: 62/62 MP: 5/5
  1381 | D:3      | Found a glowing drain.
  1407 | Sewer    | Entered a sewer
  1546 | Sewer    | Reached *** piety under Trog
  1654 | Sewer    | Reached skill level 6 in Unarmed Combat
  1770 | Sewer    | Reached skill level 5 in Fighting
  1770 | Sewer    | Reached XP level 7. HP: 72/72 MP: 6/6
  2717 | D:4      | Found an ornate altar of the Wu Jian Council.
  2859 | D:4      | Reached **** piety under Trog
  3202 | D:4      | Reached skill level 7 in Unarmed Combat
  3282 | D:4      | Found a bloodstained altar of Trog.
  3491 | D:4      | Reached skill level 1 in Maces & Flails
  3636 | D:5      | Entered Level 5 of the Dungeon
  3721 | D:5      | Reached XP level 8. HP: 76/83 MP: 7/7
  4264 | D:5      | Found a staircase to the Ecumenical Temple.
  5100 | D:5      | Lost intelligence.
  6883 | D:5      | Gained mutation: You are agile. (Dex +4, Str/Int -1)
                  | [potion of mutation]
  6883 | D:5      | Gained mutation: You have a pair of small antennae on your
                  | head. [potion of mutation]
  6883 | D:5      | Lost mutation: You have a pair of small antennae on your
                  | head. [potion of mutation]
  6883 | D:5      | Gained mutation: Your flesh is cold resistant. (rC+)
                  | [potion of mutation]
  6884 | D:5      | Lost mutation: Your flesh is cold resistant. (rC+) [potion
                  | of mutation]
  6884 | D:5      | Lost mutation: You are agile. (Dex +4, Str/Int -1) [potion
                  | of mutation]
  6884 | D:5      | Gained mutation: You occasionally shout uncontrollably at
                  | your foes. [potion of mutation]
  6884 | D:5      | Gained mutation: You occasionally lose the ability to read
                  | scrolls when taking damage. [potion of mutation]
  6884 | D:5      | Gained mutation: Your spells are a little harder to cast,
                  | but a little more powerful. [potion of mutation]
  6885 | D:5      | Lost mutation: Your spells are a little harder to cast, but
                  | a little more powerful. [potion of mutation]
  6885 | D:5      | Lost mutation: You occasionally shout uncontrollably at
                  | your foes. [potion of mutation]
  6885 | D:5      | Gained mutation: You are partially covered in iridescent
                  | scales. (AC +2) [potion of mutation]
  6885 | D:5      | Gained mutation: You are strong-willed. (Will+) [potion of
                  | mutation]
  6944 | D:6      | Slain by a bullfrog

Illustrated notes

Levels and vault maps discovered:
D:1:      onia_arrival_mini_spirals, layout_basic, hangedman_decor_peaks_small,
          minmay_statues_item, ebering_dispersal_statue_hall,
          amcnicky_mini_pool_small, serial_bayou_pond_c, grunt_decor_arrowhead,
          minmay_indecisive_spiral
D:2:      layout_loops_cross, basic_altar
D:3:      layout_loops_ring, portal_sewer_entry_e, uniq_sigmund
D:4:      minmay_inner_zag, layout_cave_pods, nzn_wu_jian_contemplation,
          general_overflow_altar
D:5:      layout_layer_cave, minmay_temple_entry_antechambers
D:6:      layout_gridville, minmay_misc_feat_room, uniq_duvessa

Skill      XL: |  1  2  3  4  5  6  7  8 |
---------------+-------------------------+-----
Fighting       | 3 4 5 6 |  6.4
Unarmed Combat | 4 5 6 7 |  7.0
Maces & Flails | 1 3 |  3.7
Dodging        | |  2.4

Action                     |  1- 3 |  4- 6 |  7- 9 || total
---------------------------+-------+-------+-------++-------
  Melee: Unarmed           |    78 |    89 |   112 ||   279
         Punch             |       |     3 |     6 ||     9
         Giant club        |       |       |   160 ||   160
 Invoke: Berserk           |       |       |     1 ||     1
         Trog's Hand       |       |       |     1 ||     1
    Use: Potion            |       |     5 |     7 ||    12
         Scroll            |       |     4 |    11 ||    15
   Stab: Sleeping          |       |     1 |       ||     1
 Armour: Animal skin       |    39 |    24 |   152 ||   215
  Dodge: Dodged            |    55 |    30 |   178 ||   263
